 Dungeon Crawl Stone Soup version 0.31-a0-1539-g569d6c7dce (webtiles) character file.

Game seed: 11905370449082450351

105609 Flugslaktarn the Warrior (level 15, -5/149 HPs)
             Began as a Minotaur Fighter on Jan 1, 2024.
             Was a Believer of Uskayaw.
             Slain by Flugslaktarn's illusion (illusionary) (11 damage)
             ... woven by Mara
             ... on level 3 of the Swamp.
             The game lasted 00:11:38 (21995 turns).

Flugslaktarn the Warrior (Minotaur Fighter)        Turns: 21995, Time: 00:11:38

Health: -5/149     AC: 27    Str: 43    XL:     15   Next: 95%
Magic:  24/24      EV: 15    Int:  3    God:    Uskayaw [**....]
Gold:   975        SH: 17    Dex: 12    Spells: 14/14 levels left

rFire   + . .        p - +6 war axe (freeze)
rCold   . . .        b - +0 tower shield
rNeg    . . .        B - +4 plate armour {rF+}
rPois   +            (helmet restricted)
rElec   .            y - +1 cloak {rCorr}
rCorr   +            G - +0 pair of gloves
SInv    .            H - +1 pair of boots "Oxaudywn" {*Corrode rPois Str+7 Int-2}
Will    +....        h - amulet of the Good {Acrobat Rampage Str+4} Stlth
                     F - +6 ring of strength
HPRegen 0.44/turn    v - +5 ring of evasion
MPRegen 0.19/turn

%: corrode self (3%), acrobat, rampage
@: about to teleport
A: horns 2, retaliatory headbutt
a: Renounce Religion, Stomp, Line Pass


You were on level 3 of the Swamp.
You worshipped Uskayaw.
Uskayaw was pleased with you.
You visited 5 branches of the dungeon, and saw 26 of its levels.

You collected 2686 gold pieces.
You spent 1711 gold pieces at shops.

Inventory:

Hand Weapons
 p - a +6 war axe of freezing (weapon)
   (You took it off a wight on level 6 of the Dungeon)
Armour
 b - a +0 tower shield (worn)
   (You took it off Louise on level 14 of the Dungeon)
 y - a +1 cloak of preservation (worn)
   (You bought it in a shop on level 1 of the Orcish Mines)
 B - a +4 plate armour of fire resistance (worn)
   (You bought it in a shop on level 1 of the Orcish Mines)
 G - a +0 pair of gloves (worn)
   (You found it on level 7 of the Dungeon)
 H - the +1 pair of boots "Oxaudywn" (worn) {*Corrode rPois Str+7 Int-2}
   (You acquired it on level 11 of the Dungeon)

   Str+7:     It affects your strength (+7).
   Int-2:     It affects your intelligence (-2).
   rPois:     It protects you from poison *Corrode: It may corrode you when you
   take damage.
 J - a +0 pair of boots
   (You found it on level 3 of the Dungeon)
Jewellery
 c - a ring of protection from cold
   (You found it on level 8 of the Dungeon)
 h - the amulet of the Good (around neck) {Acrobat Rampage Str+4}
   (You found it on level 5 of the Dungeon)

   [amulet of the acrobat]

   Acrobat:   It increases your evasion while moving and waiting.
   Str+4:     It affects your strength (+4).
   Rampage:   It bestows one free step when moving towards enemies.
 m - a ring of willpower
   (You found it on level 8 of the Dungeon)
 o - a ring of poison resistance
   (You found it on level 4 of the Lair of Beasts)
 v - a +5 ring of evasion (right hand)
   (You found it on level 12 of the Dungeon)
 x - an amulet of magic regeneration
   (You found it on level 3 of the Swamp)
 F - a +6 ring of strength (left hand)
   (You found it on level 11 of the Dungeon)
 M - an amulet of faith
   (You found it on level 1 of the Lair of Beasts)
Wands
 f - a wand of roots (18)
   (You found it on level 8 of the Dungeon)
 g - a wand of digging (3)
   (You found it on level 15 of the Dungeon)
 L - a wand of paralysis (14)
   (You found it on level 10 of the Dungeon)
 Q - a wand of mindburst (29)
   (You found it on level 7 of the Dungeon)
 S - a wand of acid (7)
   (You found it on level 5 of the Lair of Beasts)
Scrolls
 i - 3 scrolls of fear
 j - 2 scrolls of silence
 l - 5 scrolls of vulnerability
 r - 3 scrolls of identify
 t - 7 scrolls of teleportation
 z - 4 scrolls of blinking
 E - 3 scrolls of immolation
 I - 5 scrolls of fog
 O - 2 scrolls of enchant armour
Potions
 a - 6 potions of lignification
 d - a potion of might
 e - a potion of haste {unknown}
 k - a potion of magic
 n - a potion of resistance
 q - 10 potions of curing
 s - 2 potions of mutation
 u - a potion of enlightenment
 w - 3 potions of heal wounds
 A - a potion of berserk rage
 D - a potion of cancellation
 K - a potion of invisibility
Miscellaneous
 C - a tin of tremorstones (2/2)
   (You found it on level 12 of the Dungeon)
 N - a phantom mirror
   (You found it on level 3 of the Lair of Beasts)


   Skills:
 + Level 18.0 Fighting
 + Level 16.4 Axes
 + Level 14.1 Armour
 - Level 5.0 Dodging
 + Level 12.6 Shields
 + Level 13.9 Invocations


You had 14 spell levels left.
You didn't know any spells.
Your spell library contained the following spells:

 Spells                   Type           Power      Damage    Failure   Level
 Apportation              Tloc           0%         N/A       99%         1
 Necrotise                Necr           0%         1d4       99%         1
 Sandblast                Erth           0%         2d4       99%         1
 Slow                     Hex            0%         N/A       99%         1
 Cigotuvi's Dreadful Rot  Necr/Alch/Air  0%         N/A       99%         2
 Jinxbite                 Hex            0%         N/A       99%         2
 Confusing Touch          Hex            0%         N/A       100%        3
 Fugue of the Fallen      Necr           0%         N/A       100%        3
 Inner Flame              Hex/Fire       0%         N/A       100%        3
 Ozocubu's Armour         Ice            0%         N/A       100%        3
 Passwall                 Erth           0%         N/A       100%        3
 Sigil of Binding         Hex            0%         N/A       100%        3
 Stone Arrow              Conj/Erth      0%         3d7       100%        3
 Vampiric Draining        Necr           0%         2d6       100%        3
 Animate Armour           Summ/Erth      0%         N/A       100%        4
 Brom's Barrelling Bould  Conj/Erth      0%         2d3       100%        4
 Dispel Undead            Necr           0%         3d6       100%        4
 Manifold Assault         Tloc           0%         N/A       100%        4
 Martyr's Knell           Necr/Summ      0%         N/A       100%        4
 Summon Lightning Spire   Summ/Air       0%         N/A       100%        4
 Alistair's Intoxication  Alch           0%         N/A       100%        5
 Curse of Agony           Necr           0%         N/A       100%        5
 Irradiate                Conj/Alch      0%         3d11      100%        5
 Lee's Rapid Deconstruct  Erth           0%         3d4*      100%        5
 Death Channel            Necr           0%         N/A       100%        6
 Ignition                 Fire           0%         3d3       100%        8


Dungeon Overview and Level Annotations

Branches:
Dungeon (15/15)            Temple (1/1) D:5            Lair (5/5) D:11
  Swamp (3/4) Lair:3       Spider (0/4) Lair:3        Slime (0/5) Lair:4
    Orc (2/2) D:10            Elf (0/3) Orc:2        Vaults (0/5) D:14
 Depths (0/4) D:15

Altars:
Ashenzari
Cheibriados
Dithmenos
Elyvilon
Fedhas
Gozag
Hepliaklqana
Kikubaaqudgha
Makhleb
Nemelex Xobeh
Okawaru
Qazlal
Ru
Sif Muna
Trog
Uskayaw
Vehumet
Wu Jian
Xom
Yredelemnul
Zin
The Shining One
Jiyva

Shops:
D:3 *   D:5 (   D:11 ?   D:15 :   Orc:1 [   Orc:2 (:(?:=*:

Annotations:
D:12 3 runed translucent doors, flestrin's ghost, journeyman DrSh
Lair:4 exclusion: oklob plant
Swamp:3 Mara


Innate Abilities, Weirdness & Mutations

You have a pair of horns on your head.
You reflexively headbutt those who attack you in melee.


Message History

You block Flugslaktarn's illusion's attack.
You slash Flugslaktarn's illusion! You freeze Flugslaktarn's illusion.
Your headbutt misses Flugslaktarn's illusion.
Flugslaktarn's illusion is lightly wounded.
Flugslaktarn's illusion hits you but does no damage.
You slice Flugslaktarn's illusion!! You freeze Flugslaktarn's illusion!
Flugslaktarn's illusion is heavily wounded.
You completely miss Flugslaktarn's illusion.
Flugslaktarn's illusion is heavily wounded.
Flugslaktarn's illusion misses you. You furiously retaliate!
You headbutt Flugslaktarn's illusion.
You completely miss Flugslaktarn's illusion.
Flugslaktarn's illusion is heavily wounded.
Mara growls.
Flugslaktarn's illusion hits you but does no damage.
You hit Flugslaktarn's illusion but do no damage.
Your headbutt misses Flugslaktarn's illusion.
Flugslaktarn's illusion is heavily wounded.
You block Flugslaktarn's illusion's attack.
You miss Flugslaktarn's illusion.
Flugslaktarn's illusion is heavily wounded.
Mara gestures at you. The bolt of fire hits you! You resist.
The mangrove smoulders and burns.
Flugslaktarn's illusion hits you but does no damage.
You miss Flugslaktarn's illusion.
You headbutt Flugslaktarn's illusion, but do no damage.
Flugslaktarn's illusion is heavily wounded.
You barely miss Flugslaktarn's illusion.
Your headbutt misses Flugslaktarn's illusion.
Flugslaktarn's illusion is heavily wounded.
Flugslaktarn's illusion hits you but does no damage.
You barely miss Flugslaktarn's illusion.
Your headbutt misses Flugslaktarn's illusion.
Flugslaktarn's illusion is heavily wounded.
Flugslaktarn's illusion completely misses you.
You miss Flugslaktarn's illusion.
You headbutt Flugslaktarn's illusion, but do no damage.
Flugslaktarn's illusion is heavily wounded.
You block Flugslaktarn's illusion's attack.
You completely miss Flugslaktarn's illusion.
Your headbutt misses Flugslaktarn's illusion.
Flugslaktarn's illusion is heavily wounded.
Mara hits you from afar with a +2 demon trident of electrocution.
You block Flugslaktarn's illusion's attack.
You hit Flugslaktarn's illusion but do no damage.
Your headbutt misses Flugslaktarn's illusion.
Flugslaktarn's illusion is heavily wounded.
Mara hits you but does no damage.
You slash Flugslaktarn's illusion! You freeze Flugslaktarn's illusion.
Your headbutt misses Flugslaktarn's illusion.
Flugslaktarn's illusion is heavily wounded.
Flugslaktarn's illusion hits you! Flugslaktarn's illusion freezes you.
You enter the shallow water.
Moving in this stuff is going to be slow.
Mara weaves an illusion.
Mara shimmers and seems to become three!
You barely miss Flugslaktarn's illusion.
Your headbutt misses Flugslaktarn's illusion.
Flugslaktarn's illusion is heavily wounded.
You hit Mara but do no damage. You hit Mara. You freeze Mara.
You closely miss Mara. Mara hits you but does no damage.
You block Mara's attack.
Mara blinks!
Mara closely misses you. You furiously retaliate!
You headbutt Mara!
Mara points ostentatiously.
Mara blinks!
You block Flugslaktarn's illusion's attack.
You block Mara's attack.
Mara blinks!
Mara gestures at you.
The bolt of fire hits Mara!
Mara resists.
The bolt of fire misses you.
The mangrove smoulders and burns.
Flugslaktarn's illusion hits you!! Flugslaktarn's illusion freezes you!
You completely miss Flugslaktarn's illusion.
Flugslaktarn's illusion is heavily wounded.
You hit Mara. You freeze Mara. Mara gestures at you. The bolt of fire hits you!
You resist.
The mangrove smoulders and burns.
You block Mara's attack.
You can now pass through a line of other dancers.
As you read the scroll of teleportation, it crumbles to dust.
You feel strangely unstable.
You block Flugslaktarn's illusion's attack.
Mara hits you with a +2 demon trident of electrocution!
Mara hits you but does no damage.
You are electrocuted!
You are too injured to fight recklessly!
You are too injured to fight recklessly!
You hit Mara but do no damage. Your headbutt misses Mara.
Mara is heavily wounded.
You hit Flugslaktarn's illusion but do no damage.
Flugslaktarn's illusion hits you but does no damage.
You closely miss Mara.
Mara is heavily wounded.
You barely miss Flugslaktarn's illusion.
Mara completely misses you. Mara gestures at you. The bolt of fire hits you!
You resist.
* * * LOW HITPOINT WARNING * * *
The mangrove smoulders and burns.
Flugslaktarn's illusion hits you!!
* * * LOW HITPOINT WARNING * * *
Flugslaktarn's illusion freezes you!
You die...

♣.~~.♣.♣ ♣..~♣.~. ♣~♣.~.♣
♣ ♣....♣ .♣♣ ♣~..♣♣ [..♣
♣~~~°♣~.~♣ ♣♣R......♣ ♣♣
♣♣♣§.@♣~..♣~♣ ♣♣
♣♣♣♣♣~♣♣.§.@R.~~....~
~~♣♣♣♣..♣♣♣~~...........~.
~~.~~~....~~...~.~..~~..~.
.♣~~~~....~..~~.☼.~R.~..~~
.~~~....~~♣§.....~~..~~...
♣.~§~~....~~~.~~.....~....
♣...§~........~.......~..
♣..~~.♣.♣..~~~~..~.....
♣♣.<..♣♣♣..........~~~.


You could see 3 Maras and Flugslaktarn's illusion.

Vanquished Creatures
  Rupert (D:13)
  Jorgrun (D:14)
  A thorn hunter (Swamp:1)
  Louise (D:14)
  2 eleionomae
  The ghost of mrw0lf the Nimble, a journeyman GnGl of Fedhas (Lair:3)
  2 fire dragons
  Josephine (D:14)
  7 hydras
  2 ice dragons
  A catoblepas (D:15)
  4 ogre magi (Orc:2)
  4 alligators
  A ghost crab (Swamp:3)
  3 centaur warriors
  A spriggan air mage (Swamp:1)
  3 death yaks (Lair:5)
  2 boulder beetles (D:14)
  17 two-headed ogres
  A death knight (D:14)
  6 skeletal warriors (D:14)
  4 goliath frogs
  6 bog bodies
  3 lindwurms
  A steelbarb worm (shapeshifter) (D:14)
  A deep elf pyromancer (D:14)
  6 ugly things
  2 cyclopes
  8 elephants
  A will-o-the-wisp (Swamp:1)
  A meliai (shapeshifter) (D:14)
  8 black mambas
  An eye of devastation (Lair:4)
  3 molten gargoyles (Lair:5)
  14 cane toads
  A gargoyle (D:13)
  A torpor snail (Lair:3)
  2 unseen horrors
  2 rime drakes (Lair:3)
  A kobold demonologist (D:13)
  15 komodo dragons
  A freezing wraith (D:14)
  A yaktaur (D:15)
  Psyche (D:11)
  6 trolls
  2 polar bears (Lair:5)
  4 tyrant leeches
  9 hornets
  A glass eye (Lair:4)
  21 blink frogs
  9 dream sheep
  8 slime creatures
  4 jumping spiders (Lair:3)
  Sigmund (D:5)
  7 spriggans
  2 shadows
  3 culicivoras (Lair:3)
  6 wraiths (D:14)
  2 vampires (D:11)
  8 wyverns
  Eustachio (D:5)
  A yak (shapeshifter) (D:14)
  36 yaks
  A warg (Orc:1)
  2 steam dragons (Lair:5)
  3 redbacks (Lair:3)
  7 vampire mosquitoes (D:14)
  10 basilisks
  9 swamp worms
  Edmund (D:4)
  2 acid dragons
  A water moccasin (shapeshifter) (D:14)
  3 hell hounds (Lair:5)
  14 orc warriors
  16 water moccasins
  3 sky beasts
  3 black bears
  Duvessa (D:4)
  An ice beast (D:5)
  28 ogres
  2 swamp drakes (Swamp:2)
  12 wolves
  6 centaurs
  3 phantoms
  4 kobold brigands
  17 bullfrogs
  2 gnoll sergeants
  2 scorpions
  12 wights
  Dowan (D:4)
  10 killer bees
  3 electric eels (Lair:4)
  5 lava snakes (Lair:5)
  A crimson imp (D:4)
  A bombardier beetle (D:7)
  2 hounds
  A jelly (D:5)
  9 orc priests
  4 iguanas
  19 orc wizards
  Natasha (thrice) (D:3)
  2 hell rats (Lair:4)
  8 gnolls
  5 adders
  9 river rats (Lair:4)
  2 shadow imps
  5 white imps
  2 dart slugs
  A ribbon worm (D:5)
  58 orcs
  6 bats
  8 endoplasms
  A giant cockroach (D:2)
  4 goblins
  6 hobgoblins
  4 jackals (D:1)
  29 kobolds
  4 quokkas
  6 ball pythons
  2 frilled lizards
  6 rats
669 creatures vanquished.

Vanquished Creatures (others)
  2 spriggans (Swamp:2)
2 creatures vanquished.

Grand Total: 671 creatures vanquished

Notes
Turn   | Place    | Note
-------+----------+-------------------------------------------
     0 | D:1      | Flugslaktarn the Minotaur Fighter began the quest for the
                  | Orb.
     0 | D:1      | Reached XP level 1. HP: 19/19 MP: 0/0
    27 | D:1      | Found a faded altar of an unknown god.
    62 | D:1      | Reached XP level 2. HP: 22/27 MP: 1/1
   122 | D:1      | Reached skill level 4 in Fighting
   433 | D:1      | Reached XP level 3. HP: 30/33 MP: 2/2
  1427 | D:3      | Reached XP level 4. HP: 41/41 MP: 3/3
  1596 | D:3      | Reached skill level 5 in Fighting
  1712 | D:3      | Found an opulent altar of Gozag.
  1713 | D:3      | Found Gozag's Platinum Reserve.
  1713 | D:3      | Noticed Natasha
  1855 | D:3      | Killed Natasha
  1943 | D:3      | Noticed Natasha
  1949 | D:3      | Killed Natasha
  1950 | D:3      | Reached XP level 5. HP: 47/48 MP: 4/4
  2409 | D:4      | Noticed an ogre
  2414 | D:4      | Killed an ogre
  2415 | D:4      | Reached skill level 5 in Axes
  2527 | D:3      | Noticed Natasha
  2538 | D:3      | Killed Natasha
  2539 | D:3      | Reached XP level 6. HP: 51/57 MP: 5/5
  2674 | D:4      | Noticed Edmund
  2692 | D:4      | Killed Edmund
  2693 | D:4      | Reached skill level 6 in Fighting
  2693 | D:4      | Reached skill level 5 in Armour
  3062 | D:4      | Noticed Dowan
  3062 | D:4      | Noticed Duvessa
  3076 | D:4      | Killed Duvessa
  3078 | D:4      | Killed Dowan
  3079 | D:4      | Reached XP level 7. HP: 31/64 MP: 6/6
  3695 | D:4      | Found a shimmering altar of Xom.
  3701 | D:4      | Found a burning altar of Makhleb.
  4025 | D:5      | Entered Level 5 of the Dungeon
  4032 | D:5      | Reached skill level 7 in Fighting
  4141 | D:5      | Found a staircase to the Ecumenical Temple.
  4192 | Temple   | Entered the Ecumenical Temple
  4203 | Temple   | Became a worshipper of Uskayaw the Reveller
  4301 | D:5      | Reached * piety under Uskayaw
  4302 | D:5      | Reached ** piety under Uskayaw
  4304 | D:5      | Reached *** piety under Uskayaw
  4307 | D:5      | Identified the amulet of the Good {Acrobat Rampage Str+4}
  4399 | D:5      | Noticed Sigmund
  4408 | D:5      | Killed Sigmund
  4485 | D:5      | Found Qehir's Antique Weapon Shop.
  4492 | D:5      | Reached skill level 8 in Fighting
  4492 | D:5      | Reached XP level 8. HP: 61/74 MP: 7/7
  4717 | D:5      | Noticed Eustachio
  4740 | D:5      | Reached **** piety under Uskayaw
  4741 | D:5      | Killed Eustachio
  5091 | D:6      | Reached skill level 9 in Fighting
  5488 | D:6      | Reached XP level 9. HP: 85/85 MP: 8/8
  5491 | D:6      | Reached skill level 1 in Invocations
  5600 | D:6      | Reached ***** piety under Uskayaw
  5606 | D:6      | Reached skill level 10 in Fighting
  6023 | D:7      | Found a snail-covered altar of Cheibriados.
  6052 | D:7      | Reached skill level 10 in Axes
  6426 | D:7      | Found a sparkling altar of Nemelex Xobeh.
  6863 | D:8      | Reached skill level 11 in Fighting
  6920 | D:8      | Reached XP level 10. HP: 95/95 MP: 12/12
  7063 | D:8      | Found a basalt altar of Yredelemnul.
  7178 | D:8      | Found a blossoming altar of Fedhas.
  7578 | D:9      | Reached skill level 5 in Invocations
  7590 | D:9      | Found an ancient bone altar of Kikubaaqudgha.
  7681 | D:9      | Found an iron altar of Okawaru.
  8003 | D:10     | Entered Level 10 of the Dungeon
  8057 | D:10     | Found a staircase to the Orcish Mines.
  8104 | D:10     | Noticed a two-headed ogre
  8110 | D:10     | Killed a two-headed ogre
  8849 | D:10     | Reached skill level 12 in Fighting
  8899 | D:10     | Noticed a two-headed ogre
  8906 | D:10     | Killed a two-headed ogre
  9202 | D:11     | Found a shadowy altar of Dithmenos.
  9284 | D:11     | Noticed an elephant
  9292 | D:11     | Killed an elephant
  9293 | D:11     | Reached XP level 11. HP: 83/105 MP: 14/14
  9371 | D:11     | Noticed Psyche
  9379 | D:11     | Killed Psyche
  9700 | D:11     | Noticed a two-headed ogre
  9707 | D:11     | Killed a two-headed ogre
  9808 | D:11     | Found Duefopes's Magic Scroll Emporium.
  9811 | D:11     | Bought a scroll of acquirement for 780 gold pieces
  9811 | D:11     | Acquired the +1 pair of boots "Oxaudywn" {*Corrode rPois
                  | Str+7 Int-2}
  9949 | D:11     | Found a staircase to the Lair.
  9975 | D:11     | Reached skill level 13 in Fighting
 10385 | D:12     | Found a runed translucent gate.
 10385 | D:12     | Found a runed translucent gate.
 10386 | D:12     | Noticed a shining eye
 10387 | D:12     | Noticed an azure jelly
 10389 | D:12     | Found a runed translucent gate.
 10389 | D:12     | Noticed flestrin's ghost (journeyman DrSh)
 10389 | D:12     | Noticed an acid blob
 10389 | D:12     | Noticed an azure jelly
 10390 | D:12     | Noticed an azure jelly
 10390 | D:12     | Noticed an acid blob
 10390 | D:12     | Noticed an azure jelly
 10391 | D:12     | Noticed an acid blob
 10391 | D:12     | Noticed an azure jelly
 10392 | D:12     | Noticed an acid blob
 10394 | D:12     | Noticed an acid blob
 10394 | D:12     | Noticed an azure jelly
 10403 | D:12     | Noticed a cyan ugly thing
 10413 | D:12     | Killed a cyan ugly thing
 10710 | D:12     | Found a viscous altar of Jiyva.
 10773 | Lair:1   | Entered Level 1 of the Lair of Beasts
 10788 | Lair:1   | Reached skill level 10 in Armour
 10858 | Lair:1   | Reached ****** piety under Uskayaw
 11167 | Lair:1   | Reached XP level 12. HP: 116/116 MP: 17/17
 11638 | Lair:2   | Reached skill level 14 in Fighting
 11723 | Lair:2   | You fall into a shaft and drop 1 floor!
 11723 | Lair:3   | Noticed a seven-headed hydra
 11723 | Lair:3   | Found a staircase to the Swamp.
 11735 | Lair:3   | Killed an 11-headed hydra
 12130 | Lair:3   | Noticed mrw0lf's ghost (journeyman GnGl)
 12134 | Lair:3   | Noticed a five-headed hydra
 12173 | Lair:3   | Found a runed translucent gate.
 12175 | Lair:3   | Found a runed translucent gate.
 12175 | Lair:3   | Found a runed translucent gate.
 12541 | Lair:3   | Found a hole to the Spider Nest.
 12746 | Lair:3   | Reached skill level 15 in Fighting
 12895 | Lair:3   | Reached skill level 10 in Invocations
 13103 | Lair:3   | Killed a nine-headed hydra
 13104 | Lair:3   | Reached XP level 13. HP: 116/127 MP: 19/19
 13109 | Lair:3   | Killed mrw0lf's ghost
 13235 | Lair:4   | Reached skill level 15 in Axes
 13315 | Lair:4   | Found a staircase to the Slime Pits.
 13504 | Lair:4   | Identified the +0 robe "Tocenerev" {rCorr}
 13969 | Lair:5   | Entered Level 5 of the Lair of Beasts
 14148 | Lair:5   | Reached skill level 16 in Fighting
 14523 | Lair:5   | Found a large runed translucent door.
 14540 | Lair:5   | Found a large runed translucent door.
 14678 | Lair:5   | Noticed a fire dragon
 15107 | Lair:5   | Reached XP level 14. HP: 138/138 MP: 21/21
 15803 | Lair:2   | Reached skill level 1 in Dodging
 15838 | Lair:2   | Lost intelligence.
 15979 | Lair:2   | Reached skill level 17 in Fighting
 16099 | Lair:2   | Found the +8 whip "Snakebite" {venom, curare, rPois}
 16875 | D:13     | Found a burning altar of Makhleb.
 16882 | D:13     | Identified the +2 robe of Precision Catastrophes {Rampage
                  | rF- SInv Archmagi}
 16959 | D:13     | Noticed Rupert
 16959 | D:13     | Paralysed by Rupert for 2 turns
 16971 | D:13     | Killed Rupert
 17958 | D:14     | Noticed Jorgrun
 17964 | D:14     | Killed Jorgrun
 18110 | D:14     | Noticed Louise
 18115 | D:14     | Noticed Josephine
 18124 | D:14     | Killed Louise
 18125 | D:14     | Killed Josephine
 18132 | D:14     | Reached skill level 5 in Dodging
 18153 | D:14     | Found a gate to the Vaults.
 18432 | D:14     | Reached skill level 5 in Shields
 18601 | D:15     | Entered Level 15 of the Dungeon
 18625 | D:15     | Reached XP level 15. HP: 124/147 MP: 24/24
 18935 | D:15     | Found a transporter.
 18935 | D:15     | Found Xeysm's Book Boutique.
 19052 | D:15     | Found a staircase to the Depths.
 19184 | D:15     | Found a transporter.
 19305 | Orc:1    | Entered Level 1 of the Orcish Mines
 19458 | Orc:1    | Found Jofesow's Armour Boutique.
 19462 | Orc:1    | Bought a +1 cloak of preservation for 231 gold pieces
 19462 | Orc:1    | Bought a +4 plate armour of fire resistance for 700 gold
                  | pieces
 19952 | Orc:2    | Entered Level 2 of the Orcish Mines
 19953 | Orc:2    | Found a bloodstained altar of Trog.
 20000 | Orc:2    | Found Tafo's Vocational Training.
 20113 | Orc:2    | Found Ukezusak's Weapon Emporium.
 20119 | Orc:2    | Found a staircase to the Elven Halls.
 20123 | Orc:2    | Found Ruvacyrphi's Book Emporium.
 20127 | Orc:2    | Found Hadgh's Weapon Boutique.
 20192 | Orc:2    | Found Esivununk's Magic Scroll Emporium.
 20192 | Orc:2    | Found Veppuejazxu's Jewellery Shop.
 20192 | Orc:2    | Found Ytilun's Book Shop.
 20192 | Orc:2    | Found Orusuar's Assorted Antiques.
 20202 | Orc:2    | Reached skill level 10 in Shields
 20720 | Swamp:1  | Entered Level 1 of the Swamp
 20744 | Swamp:1  | Noticed a thorn hunter
 20928 | Swamp:1  | Killed a thorn hunter
 21468 | Swamp:2  | Identified the +0 pair of boots of Xom's Supremacy {+Inv
                  | rF+ Will- Dex+4}
 21473 | Swamp:2  | Identified the -1 pair of boots of Souklet {rPois Will-
                  | Int+3 Dex+2}
 21554 | Swamp:2  | Reached skill level 18 in Fighting
 21971 | Swamp:3  | Noticed Mara
 21972 | Swamp:3  | Noticed Flugslaktarn's illusion
 21995 | Swamp:3  | HP: 6/149 [Flugslaktarn's illusion (illusionary)[Mara]
                  | (24)]
 21995 | Swamp:3  | Slain by Flugslaktarn's illusion (illusionary)

Illustrated notes

Levels and vault maps discovered:
D:1:      shiori_arrival_maze, layout_rooms, chequers_ecumenical_altar_simple
D:2:      layout_basic, chequers_serial_rivers_micro_c
D:3:      layout_loops_ring, nicolae_gozag_zags_fifth_avenue,
          kennysheep_generic_room_13, uniq_natasha
D:4:      layout_layer_cave, grunt_temple_overflow_champion_of_chaos,
          uniq_duvessa, uniq_edmund
D:5:      layout_basic, temple_green, reono_crystal_passage,
          nicolae_take_the_stairs, uniq_eustachio, uniq_sigmund
D:6:      layout_loops_cross
D:7:      layout_cave_pools, nemelex_xobeh_ov_fountains_minmay,
          kennysheep_slug_shrine
D:8:      layout_basic, mainiacjoe_overflow_boulevard,
          mainiacjoe_overflow_surrounded_room, hangedman_decor_peaks_small
D:9:      layout_roguey, mainiacjoe_overflow_alcove_1, marbit_many_paths,
          serial_library_hellmonk_hallway_a, minmay_curled_crystal
D:10:     layout_loops_corners, orc_0_dummy
D:11:     layout_rooms, grunt_lair_entry_orc_guard_hut, serial_shops,
          nicolae_shop_rolled_up, nicolae_dithmenos_the_darkroom, uniq_psyche
D:12:     layout_loops_ring, gammafunk_ghost_ooze
D:13:     layout_loops_ring, bloody_makhleb, uniq_rupert
D:14:     layout_irregular_city, david_vaults_2, uniq_louise, uniq_jorgrun,
          uniq_josephine
D:15:     grunt_enter_depths_hoard, layout_basic, serial_shops,
          nicolae_shop_drivethru
Temple:   nicolae_temple_bog_church
Lair:1:   layout_cave_pods, grunt_megastairs_3
Lair:2:   minmay_guarded_unrand_snakebite, layout_long_grid,
          bh_autumn_forest_stairs
Lair:3:   layout_cave_pods, palyth_hydra_swamp_entry,
          nicolae_spider_entry_tight_spaces, gammafunk_ghost_split,
          serial_bayou_pond_a, st_stairs_6
Lair:4:   layout_gridlike, minmay_slime_entry_eyes, kennysheep_rathole,
          infiniplex_staircase_pool_2, serial_bayou_shore_a
Lair:5:   cheibrodos_lair_end_hotspot, layout_cave_shapes,
          chequers_serial_rivers_large_b, bobbens_ice_dragon_lair
Swamp:1:  layout_basic_swamp, evilmike_swamp_ruin_house_5
Swamp:2:  layout_basic_swamp, nicolae_swamp_stuck_in_the_mud,
          nicolae_swamp_decorative_isthmus
Swamp:3:  layout_falls_marsh, evilmike_swamp_ruin_rubble_2, swamp_pool_3,
          nicolae_swamp_soggy_hallways, uniq_mara
Orc:1:    layout_caves, serial_shops, nicolae_shop_behind_doors
Orc:2:    st_orc_ogre_mass, layout_diamond_mine, basic_altar, serial_shops,
          nicolae_shop_tiny_real_fake_doors, shop, shop, nicolae_shop_vocational

Skill      XL: |  1  2  3  4  5  6  7  8  9 10 11 12 13 14 15 |
---------------+----------------------------------------------+-----
Fighting       | 4 5 6 8 9 11 12 13 15 16 17 18 | 18.0
Axes           | 3 4 5 6 7 9 10 11 13 14 16 | 16.4
Armour         | 4 5 6 7 8 9 10 11 12 13 14 | 14.1
Invocations    | 4 6 8 10 11 13 | 13.9
Dodging        | 5 |  5.0
Shields        | 6 12 | 12.6

Action                     |  1- 3 |  4- 6 |  7- 9 | 10-12 | 13-15 || total
---------------------------+-------+-------+-------+-------+-------++-------
  Melee: War axe           |    95 |    98 |   217 |   340 |   680 ||  1430
         Headbutt          |     9 |    13 |    35 |    50 |   147 ||   254
 Invoke: Line Pass         |       |       |       |     1 |       ||     1
    Use: Scroll            |       |     6 |     5 |     1 |    13 ||    25
         Potion            |       |     4 |       |       |     2 ||     6
   Stab: Paralysed         |       |       |    23 |    46 |   126 ||   195
         Confused          |       |       |       |     1 |     1 ||     2
 Armour: Scale mail        |     7 |       |       |       |       ||     7
         Plate armour      |    51 |    90 |   163 |   252 |   316 ||   872
  Dodge: Dodged            |    29 |    20 |    82 |   163 |   297 ||   591
  Block: Buckler           |    28 |    20 |    35 |    58 |    95 ||   236
         Tower shield      |       |       |       |       |    55 ||    55

Table legend: (Time is in decaauts)
 A = Elapsed time spent in this place.
 B = Non-inter-level travel time spent in this place.
 C = Inter-level travel time spent in this place.
 D = Time resting spent in this place.
 E = Time spent auto-exploring this place.
 F = Levels seen in this place.
 G = Mean time per level.
                   A        B        C        D        E       F      G
               +--------+--------+--------+--------+--------+-----+--------+
         Total |  22557 |  21164 |   1393 |   1928 |  16183 |  26 |  867.6 |
       Dungeon |  13553 |  12749 |    804 |   1151 |   9776 |  15 |  903.5 |
        Temple |     21 |      3 |     18 |      0 |      0 |   1 |   21.0 |
          Lair |   6628 |   6182 |    446 |    638 |   4757 |   5 | 1325.6 |
         Swamp |   1122 |   1105 |     17 |    139 |    707 |   3 |  374.0 |
  Orcish Mines |   1231 |   1123 |    108 |      0 |    943 |   2 |  615.5 |
               +--------+--------+--------+--------+--------+-----+--------+

Top non-repeatable levels by time:
  Lair:5: 1740 daAuts
  Lair:3: 1693 daAuts
  Lair:2: 1497 daAuts
     D:4: 1486 daAuts
    D:10: 1225 daAuts
     D:3: 1203 daAuts
    D:11: 1061 daAuts
    D:13: 1039 daAuts
     D:6: 983 daAuts
     D:5: 980 daAuts
  Lair:1: 910 daAuts
     D:2: 894 daAuts
    D:14: 868 daAuts
  Lair:4: 785 daAuts
     D:7: 773 daAuts
